[Event "*** Titled Tuesday Blitz"]
[Site "Chess.com"]
[Date "2019.07.02"]
[Round "2"]
[White "Mikhail_Golubev"]
[Black "Michael_Scofield01"]
[Result "1-0"]
[WhiteElo "2556"]
[BlackElo "2719"]
[TimeControl "180+2"]
[EndTime "13:23:19 PDT"]
[Termination "Mikhail_Golubev won by resignation"]

1. e4 e5 2. Nf3 Nc6 3. Nc3 Nf6 4. d4 exd4 5. Nxd4 Bb4 6. Nxc6 bxc6 7. Bd3 O-O 8. O-O d5 9. Bd2 Bg4 10. f3 Bh5 11.
Nxd5 Nxd5 12. exd5 Bc5+ 13. Kh1 cxd5 14. c4 dxc4 15.
Bxc4 Qh4 16. Qc2 Rad8 17. Be1 Qg5 18. f4 Qe7 19. Bc3 Bd4 20. Rae1 Qf6 21. Bb4 c5 22. Ba5 Rde8 23. b3 Rxe1 24. Bxe1 Re8 25. Bf2 Bg6 26. f5 Bh5 27. Bxd4 cxd4 28. Qd2 Qe5 29. h3 Be2 30. Re1 d3 31. Bxd3 Qd4 32. Rxe2 Rc8 1-0

[Event "*** Titled Tuesday Blitz"]
[Site "Chess.com"]
[Date "2019.07.02"]
[Round "2"]
[White "ecwinslow"]
[Black "imdarealist"]
[Result "1-0"]
[WhiteElo "1991"]
[BlackElo "2058"]
[TimeControl "180+2"]
[EndTime "13:23:19 PDT"]
[Termination "ecwinslow won by checkmate"]

1. e4 d5 2. exd5 c6 3. c4 cxd5 4.
d4 e6 5. Nc3 Nf6 6. Nf3 Nc6 7.
Bg5 Bb4 8. a3 Bxc3+ 9. bxc3 Qa5 10. cxd5 Nxd5 11. Bd2 Qc7 12. Bd3 Bd7 13. O-O h5 14.
Re1 O-O-O 15. Rb1 f6 16. c4 Nf4 17. Bf1 g5 18. g3 Ng6 19. Qb3 g4 20. d5 gxf3 21. dxc6 Bxc6 22. Bc3 e5 23. Bh3+ Kb8 24. c5 Rdg8 25. Be6 Rg7 26. Red1 Nf4 27. Rd6 Ne2+ 28. Kf1 h4 29. g4 a6 30. Ba5 Qxa5 31. Rxc6 Ka8 32. Bd5 Nd4 33. Qb6 Qxb6 34. Rcxb6 Rxg4 35. Rxb7 Rgg8 36. Rb8+ Ka7 37. R1b7# 1-0

[Event "*** Titled Tuesday Blitz"]
[Site "Chess.com"]
[Date "2019.07.02"]
[Round "2"]
[White "Ali_rastbod"]
[Black "Samuray111"]
[Result "1-0"]
[WhiteElo "2761"]
[BlackElo "2557"]
[TimeControl "180+2"]
[EndTime "13:23:20 PDT"]
[Termination "Ali_rastbod won by resignation"]

1. c4 g6 2. d4 Bg7 3. Nf3 c5 4.
Nc3 cxd4 5. Nxd4 Nc6 6. Nxc6 bxc6 7. g3 Qa5 8. Bd2 Qc5 9. b3 d5 10. Bg2 Nf6 11. O-O O-O 12. Rc1 d4 13. Na4 Qd6 14. e3 Bg4 15. f3 Bf5 16. e4 Bd7 17. Qe1 Qc7 18. Ba5 Qc8 19. e5 Ne8 20. Nc5 Nc7 21. Rd1 Ne6 22. Nxe6 Bxe6 23. Rxd4 Qa6 24. f4 Rac8 25.
Qc3 f6 26. Re1 fxe5 27. fxe5 Rf5 28. Rde4 Rh5 29. a4 Rf8 30. h3 Rff5 31. g4 Rxe5 32.
Rxe5 Rxe5 33. Rxe5 c5 34. Qe3 Bxe5 35. Qxe5 Qxa5 36.
Qxe6+ Kf8 37. Bd5 Kg7 38. g5 1-0

[Event "*** Titled Tuesday Blitz"]
[Site "Chess.com"]
[Date "2019.07.02"]
[Round "2"]
[White "ENEASZ"]
[Black "TheCavemanChesss"]
[Result "0-1"]
[WhiteElo "2505"]
[BlackElo "2412"]
[TimeControl "180+2"]
[EndTime "13:23:23 PDT"]
[Termination "TheCavemanChesss won by resignation"]

1. e4 c5 2. c3 e6 3. d4 d5 4. exd5 exd5 5. Nf3 Nf6 6. Bb5+ Nc6 7. O-O Be7 8. dxc5 Bxc5 9. Nbd2 O-O 10. Nb3 Bd6 11.
Nbd4 Qc7 12. h3 h6 13. Re1 Bd7 14. Nxc6 bxc6 15. Bd3 Rfe8 16. Be3 c5 17. Bc2 a5 18. Qd3 Rab8 19. Rab1 Bc6 20. Nh4 Ne4 21. Nf5 Bh2+ 22. Kh1 Qe5 23. Nh4 Bf4 24. Nf3 Qf6 25. Kg1 Rbd8 26.
Rbd1 g6 27. Bb1 Ba8 28. Bxf4 Qxf4 29. Qe3 Qxe3 30. Rxe3 Nd6 31. Rxe8+ Rxe8 32. Bd3 Kg7 33. Kf1 Rb8 34. Rd2 Kf6 35. Ke1 Ne4 36. Bxe4 dxe4 37. Nh2 h5 38. h4 Ke5 39. Ke2 Bc6 40. Ke3 f5 41. g3 Bd5 42. a3 Rb3 43. f4+ exf3 44.
Nxf3+ Bxf3 45. Kxf3 Rb7 46. Re2+ Kf6 47. Kf4 Rd7 48.
a4 Rd1 49. Re8 Rf1+ 50. Ke3 Re1+ 0-1

[Event "*** Titled Tuesday Blitz"]
[Site "Chess.com"]
[Date "2019.07.02"]
[Round "2"]
[White "Grischuk"]
[Black "adriangschnitzer"]
[Result "1-0"]
[WhiteElo "3090"]
[BlackElo "2473"]
[TimeControl "180+2"]
[EndTime "13:23:29 PDT"]
[Termination "Grischuk won by resignation"]

1. e4 c5 2. Nf3 Nc6 3. Bb5 g6 4. Bxc6 bxc6 5. d4 Bg7 6. dxc5 Qa5+ 7. Nbd2 Ba6 8. a3 Qxc5 9. b4 Qb6 10. Rb1 d5 11. b5 Bxb5 12. exd5 cxd5 13. c4 Qe6+ 14. Kf1 Bxc4+ 15. Nxc4 dxc4 16. Qa4+ Qd7 17. Qxd7+ Kxd7 18. Ke2 e5 19. Rb7+ Kc6 20. Rxf7 Bf6 21. Be3 e4 22. Nd2 Kd5 23. Rd1 Ke6 24. Rc7 c3 25. Nxe4 Be5 26. Rc6+ Kf7 27. Rd7+ Ne7 28. Bg5 Rhe8 29. f4 Bh8 30. Rcc7 h6 31. Rxe7+ Rxe7 32. Bxe7 Ke6 33. Bb4 Kd5 34. Nxc3+ Bxc3 35. Rxc3 1-0

[Event "*** Titled Tuesday Blitz"]
[Site "Chess.com"]
[Date "2019.07.02"]
[Round "2"]
[White "TregubovP"]
[Black "pheonixking2000"]
[Result "0-1"]
[WhiteElo "2528"]
[BlackElo "2685"]
[TimeControl "180+2"]
[EndTime "13:23:30 PDT"]
[Termination "pheonixking2000 won by resignation"]

1. e4 c6 2. Nf3 d5 3. Nc3 dxe4 4. Nxe4 Nf6 5. Qe2 Nxe4 6. Qxe4 Qa5 7. Bc4 Bf5 8. Qf4 e6 9. O-O Nd7 10. c3 h6 11. d4 O-O-O 12. b4 Qc7 13. a4 Bd6 14. Qe3 Rhe8 15. b5 e5 16. bxc6 Nb6 17. cxb7+ Kb8 18.
Bb5 exd4 19. Qxe8 Rxe8 20. Bxe8 dxc3 21. Re1 Kxb7 22. a5 Nc4 23. a6+ Kc8 24. Nd4 Bd7 25.
Bxd7+ Kxd7 26. Nb5 Bxh2+ 27. Kh1 Qc5 28. Nxc3 Qxf2 29. Rd1+ Bd6 30. Ba3 Qh4+ 31. Kg1 Qh2+ 32. Kf1 Qf4+ 33. Kg1 Qe3+ 34. Kh1 Qxc3 35. Bxd6 Nxd6 36.
Rab1 Qc5 0-1

[Event "*** Titled Tuesday Blitz"]
[Site "Chess.com"]
[Date "2019.07.02"]
[Round "2"]
[White "moro182"]
[Black "Pechen_Yeltsina"]
[Result "0-1"]
[WhiteElo "2782"]
[BlackElo "2691"]
[TimeControl "180+2"]
[EndTime "13:23:33 PDT"]
[Termination "Pechen_Yeltsina won by resignation"]

1. d4 d6 2. Nf3 Nd7 3. g3 g6 4. Bg2 Bg7 5. O-O e5 6. c4 Ne7 7.
Nc3 O-O 8. e4 exd4 9. Nxd4 Nc6 10.
Nxc6 bxc6 11. Be3 Ne5 12. Qe2 Bg4 13. f3 Be6 14. b3 Nxc4 15. bxc4 Bxc3 16. Rac1 Bg7 17.
f4 Re8 18. f5 Bd7 19. Qd2 Qe7 20. Bg5 Qe5 21. f6 Bf8 22. c5 dxc5 23. Be3 Be6 24. Qf2 Rab8 25. Rc2 Rb5 26. Rfc1 Rd8 27. h4 c4 28.
Bxa7 Rd3 29. Kh2 Bd6 30. Be3 Ra5 31. Bf4 Qxf6 32. Qf1 Bxf4 33. Qxf4 Qxf4 34. gxf4 Rda3 35. Rd2 Rxa2 36. Rd8+ Kg7 37. Kg3 R5a3+ 38. Bf3 Re2 39. f5 gxf5 40. exf5 Bd5 41. Rxd5 cxd5 42. Kf4 Rf2 43. Ke5 Rfxf3 44. Rg1+ Kh6 0-1

[Event "*** Titled Tuesday Blitz"]
[Site "Chess.com"]
[Date "2019.07.02"]
[Round "2"]
[White "Keithonsky"]
[Black "varacalli"]
[Result "1-0"]
[WhiteElo "2455"]
[BlackElo "2413"]
[TimeControl "180+2"]
[EndTime "13:23:34 PDT"]
[Termination "Keithonsky won by checkmate"]

1. d4 Nf6 2. c4 g6 3. Nc3 Bg7 4.
e4 d6 5. Bd3 O-O 6. Nge2 c6 7.
O-O a6 8. a4 a5 9. f3 e5 10.
Be3 Na6 11. Rc1 exd4 12. Nxd4 Qe7 13. Re1 Re8 14. Bf1 Nd7 15. Bf2 h5 16. Qd2 Ndc5 17. Rcd1 Bd7 18. Nde2 Be6 19. Nf4 Rad8 20. Nxe6 Qxe6 21.
Qc2 Nb4 22. Qb1 Be5 23. Bh4 Rd7 24. Bf2 Red8 25. g3 Bg7 26. f4 Re8 27. f5 Qe7 28. fxg6 fxg6 29. e5 Bxe5 30. Qxg6+ Kh8 31. Qxh5+ Kg8 32.
Qg6+ Kh8 33. Rd4 Rg8 34. Qf5 Qh7 35. Rxe5 dxe5 36. Qxe5+ Rdg7 37. Qxc5 Rg6 38. Qe5+ Qg7 39. Rh4+ Rh6 40. Rxh6# 1-0

[Event "*** Titled Tuesday Blitz"]
[Site "Chess.com"]
[Date "2019.07.02"]
[Round "2"]
[White "Kimster98"]
[Black "Muisback26"]
[Result "0-1"]
[WhiteElo "2606"]
[BlackElo "2954"]
[TimeControl "180+2"]
[EndTime "13:23:36 PDT"]
[Termination "Muisback26 won by resignation"]

1. e4 c5 2. Nf3 Nc6 3. d4 cxd4 4. Nxd4 Nf6 5. Nc3 e5 6. Ndb5 d6 7. Bg5 a6 8. Na3 Be6 9. Nc4 Rb8 10. a4 h6 11. Bxf6 Qxf6 12. Nd5 Qd8 13. c3 Be7 14. Be2 O-O 15. O-O Bg5 16. a5 Ne7 17. Ncb6 Ng6 18. Bg4 Kh8 19. g3 Ne7 20. f4 exf4 21.
gxf4 Bh4 22. Nxe7 Qxe7 23. Nd5 Bxg4 24. Qxg4 Qxe4 25. Rad1 Bd8 26. Rfe1 Qc4 27. b4 b6 28. Rd4 Qc6 29. axb6 Bxb6 30. Nxb6 Qxc3 31. Red1 Rxb6 32.
f5 a5 33. bxa5 Qxa5 34. f6 gxf6 35. Rd5 Qc3 36. Qf4 Rg8+ 37. Kh1 Rg6 38. Rxd6 Rxd6 39. Rxd6 Qe1+ 0-1

[Event "*** Titled Tuesday Blitz"]
[Site "Chess.com"]
[Date "2019.07.02"]
[Round "2"]
[White "Genghis_K"]
[Black "wnstop"]
[Result "1-0"]
[WhiteElo "2823"]
[BlackElo "2661"]
[TimeControl "180+2"]
[EndTime "13:23:37 PDT"]
[Termination "Genghis_K won by resignation"]

1. e4 c5 2. Nf3 Nc6 3. d4 cxd4 4. Nxd4 e5 5. Nb5 d6 6. c4 Be7 7. Bd3 Be6 8. O-O a6 9. N5c3 Bg5 10. Nd5 Bxc1 11.
Qxc1 Nge7 12. Nbc3 Bxd5 13. exd5 Nd4 14. f4 O-O 15. fxe5 dxe5 16. Qe3 f6 17. Qh3 f5 18. c5 e4 19. Bc4 Ng6 20. Rad1 Qf6 21. Nxe4 Qe5 22. d6+ Kh8 23. Ng5 h6 24. Nf7+ Rxf7 25.
Bxf7 Nf4 26. Rxf4 Qxf4 27. Qd3 Nc6 28. Bb3 Qe5 29. Qc3 Qxc3 30. bxc3 Nd8 31. Re1 Nc6 32. Bd5 1-0

[Event "*** Titled Tuesday Blitz"]
[Site "Chess.com"]
[Date "2019.07.02"]
[Round "2"]
[White "VishnuPrasanna"]
[Black "KaterynaLagno"]
[Result "1-0"]
[WhiteElo "2809"]
[BlackElo "2666"]
[TimeControl "180+2"]
[EndTime "13:23:37 PDT"]
[Termination "VishnuPrasanna won by resignation"]

1. d4 Nf6 2. c4 g6 3. Nf3 Bg7 4. g3 O-O 5. Bg2 d5 6. O-O dxc4 7. Na3 c5 8. Nxc4 cxd4 9. Nxd4 Qc7 10. Qb3 Nbd7 11.
Bf4 e5 12. Nb5 Qb8 13. Be3 Ng4 14. Bd2 Nc5 15. Qa3 Ne6 16. Bb4 Bd7 17. Nc3 Nd4 18.
Rac1 a5 19. Bd6 Qa7 20. Bc5 Qa6 21. Nb6 Rad8 22. Nxd7 Rxd7 23. Bh3 h5 24. f3 Nxe2+ 25. Nxe2 Qxe2 26. fxg4 hxg4 27. Bg2 Rfd8 28. Rf2 Rd1+ 29. Rxd1 Rxd1+ 30. Bf1 Qc4 31. Be3 Bf8 32. Qb3 Qxb3 33.
axb3 Bb4 34. Kg2 f5 35. Rc2 e4 36. Rc7 Bd2 37. Bc4+ Kf8 38. Rd7 Bxe3 39. Rxd1 1-0

[Event "*** Titled Tuesday Blitz"]
[Site "Chess.com"]
[Date "2019.07.02"]
[Round "2"]
[White "MasterKroket"]
[Black "Amirreza_p"]
[Result "0-1"]
[WhiteElo "2374"]
[BlackElo "2824"]
[TimeControl "180+2"]
[EndTime "13:23:37 PDT"]
[Termination "Amirreza_p won by resignation"]

1. d4 d5 2. c4 c6 3. Nf3 Nf6 4. Nc3 e6 5. Bg5 dxc4 6. e4 b5 7. e5 h6 8. Bh4 g5 9. Nxg5 hxg5 10.
Bxg5 Nbd7 11. exf6 Qa5 12. Be2 Bb7 13. O-O O-O-O 14.
Bf3 Ne5 15. dxe5 Rxd1 16. Rfxd1 b4 17. Ne4 Qxe5 18. g3 c5 19. Bf4 Qf5 20. Nd6+ Bxd6 21. Bxb7+ Kxb7 22. Rxd6 Qxf6 23. Rd7+ Ka6 24. Rad1 Ra8 25.
R1d6+ Ka5 26. Rc7 Qf5 27. Be3 Qb1+ 28. Kg2 Qe4+ 29. Kg1 a6 30. Rxc5+ Ka4 31. Rd4 Qb1+ 32. Kg2 Qxa2 33. Rdxc4 Qxb2 34. h4 a5 35. Rc2 Qb1 36.
Bc1 Kb3 37. h5 Qxc2 0-1

[Event "*** Titled Tuesday Blitz"]
[Site "Chess.com"]
[Date "2019.07.02"]
[Round "2"]
[White "Airquake"]
[Black "SergeiAza"]
[Result "1/2-1/2"]
[WhiteElo "2665"]
[BlackElo "2829"]
[TimeControl "180+2"]
[EndTime "13:23:38 PDT"]
[Termination "Game drawn by repetition"]

1. e4 e5 2. Nf3 Nc6 3. Bb5 a6 4. Ba4 Nf6 5. d3 b5 6. Bb3 Be7 7. O-O O-O 8. c3 d6 9. h3 Na5 10. Bc2 c5 11. d4 Qc7 12. Re1 cxd4 13. cxd4 Bb7 14. a3 Rac8 15. Nc3 Nc4 16. Bb3 Nxa3 17. Rxa3 b4 18. Ra4 bxc3 19. d5 Qb6 20. Be3 Qb5 21. bxc3 Rxc3 22. Bc2 Rfc8 23. Bb1 Rb3 24. Ra1 a5 25. Bc2 Rbc3 26. Rb1 Qd7 27. Ba4 Qd8 28. Bb6 Qf8 29. Bxa5 R3c5 30. Bb6 Rc4 31. Nd2 Rc3 32.
Ba5 R3c5 33. Bb4 R5c7 34. Ba5 Rc5 35. Bb6 Rc3 36. Ba5 R3c5 1/2-1/2

[Event "*** Titled Tuesday Blitz"]
[Site "Chess.com"]
[Date "2019.07.02"]
[Round "2"]
[White "kasparicy"]
[Black "Alopekos"]
[Result "1-0"]
[WhiteElo "2338"]
[BlackElo "2461"]
[TimeControl "180+2"]
[EndTime "13:23:38 PDT"]
[Termination "kasparicy won by resignation"]

1. e4 c5 2. Nf3 e6 3. d4 cxd4 4.
Nxd4 Nf6 5. Nc3 Bb4 6. Bd3 Nc6 7. Be3 d5 8. Nxc6 bxc6 9. e5 d4 10. exf6 dxe3 11. O-O exf2+ 12. Kh1 Qxf6 13. Ne4 Qh4 14. g3 Qh6 15. Rxf2 O-O 16. Nf6+ Kh8 17. Nxh7 Rd8 18. Qg4 Bc5 19. Ng5 Rf8 20. Nxf7+ Rxf7 21. Rxf7 e5 22. Qe4 Be6 23. Qxc6 Rc8 24. Qb7 Rd8 25. Be4 Rd2 26. Qb8+ 1-0

[Event "*** Titled Tuesday Blitz"]
[Site "Chess.com"]
[Date "2019.07.02"]
[Round "2"]
[White "DanielRensch"]
[Black "doons21"]
[Result "0-1"]
[WhiteElo "2421"]
[BlackElo "2447"]
[TimeControl "180+2"]
[EndTime "13:23:41 PDT"]
[Termination "doons21 won by resignation"]

1. e4 e6 2. d4 d5 3. Nc3 Bb4 4. e5 Ne7 5. a3 Bxc3+ 6. bxc3 c5 7. Qg4 Kf8 8. a4 Qc7 9. Ne2 b6 10. h4 Ba6 11. Rh3 h5 12. Qf4 Nf5 13. Bd2 Nc6 14.
f3 Nce7 15. g4 hxg4 16. fxg4 Nxh4 17. Qf2 Bxe2 18. Bxe2 Nhg6 19. Rxh8+ Nxh8 20. Bd3 Nhg6 21. a5 c4 22. Bf1 bxa5 23. Bg5 Rb8 24. Kd2 Rb2 25.
Be2 Qb7 26. Bd1 Nc6 27. Kc1 a4 28. Rxa4 Rb1+ 29. Kd2 Qb2 30. Ke2 Qb5 31. Ra2 Rxd1 32. Kxd1 Qb1+ 33. Bc1 Qxa2 0-1

[Event "*** Titled Tuesday Blitz"]
[Site "Chess.com"]
[Date "2019.07.02"]
[Round "2"]
[White "CarlssonLudvig"]
[Black "Naruto-K"]
[Result "0-1"]
[WhiteElo "2367"]
[BlackElo "2540"]
[TimeControl "180+2"]
[EndTime "13:23:42 PDT"]
[Termination "Naruto-K won on time"]

1. d4 Nf6 2. Nf3 g6 3. g3 b6 4.
Bg2 Bb7 5. O-O c5 6. c3 Bg7 7.
Qb3 cxd4 8. Ne5 d5 9. cxd4 Nc6 10.
Qa4 Qd6 11. Nc3 O-O 12. Nb5 Qd8 13. Nxc6 Bxc6 14. Qb3 Ne4 15. Bf4 Qd7 16. Nc3 Nxc3 17. Qxc3 Rac8 18. Rac1 Bb5 19. Qd2 Qe6 20. Rxc8 Rxc8 21.
Rc1 Rxc1+ 22. Qxc1 Bxd4 23. e3 Bc5 24. Qd2 Bc6 25. Qc3 a5 26. a3 a4 27. Bf3 f6 28.
Kg2 g5 29. g4 gxf4 30. exf4 d4 31. Qd3 Qxg4+ 0-1

[Event "*** Titled Tuesday Blitz"]
[Site "Chess.com"]
[Date "2019.07.02"]
[Round "2"]
[White "fm_magua"]
[Black "Firouzja2003"]
[Result "0-1"]
[WhiteElo "2483"]
[BlackElo "2957"]
[TimeControl "180+2"]
[EndTime "13:23:43 PDT"]
[Termination "Firouzja2003 won by resignation"]

1. e4 c5 2. Nf3 d6 3. d4 cxd4 4. Nxd4 Nf6 5. Nc3 a6 6. Bc4 e6 7.
Bb3 Be7 8. O-O O-O 9. f4 b5 10. f5 e5 11. Nde2 Bb7 12. Qd3 Nbd7 13. Ng3 Nc5 14.
Qf3 Rc8 15. Bg5 b4 16. Bxf6 Bxf6 17. Nd5 Nxb3 18. Qxb3 Bxd5 19. exd5 Qb6+ 20. Kh1 Qd4 21. Rad1 Qc4 22. Qf3 Qxc2 23. Ne4 Qxb2 24. Rd3 Rc1 25. Rd2 Qb1 26. Rdd1 Rfc8 27. Nxd6 Rxd1 28. Qxd1 Qxd1 29.
Rxd1 Rc2 30. Ne4 Bd8 31. d6 Rxa2 32. Nc5 Rc2 33. Nb7 b3 34. Nxd8 b2 35. Nc6 Rc1 0-1

[Event "*** Titled Tuesday Blitz"]
[Site "Chess.com"]
[Date "2019.07.02"]
[Round "2"]
[White "PabloZarnicki"]
[Black "OparinGrigoriy"]
[Result "0-1"]
[WhiteElo "2610"]
[BlackElo "2976"]
[TimeControl "180+2"]
[EndTime "13:23:44 PDT"]
[Termination "OparinGrigoriy won on time"]

1. e4 e5 2. Nf3 Nc6 3. Nc3 Nf6 4. d4 exd4 5. Nxd4 Bb4 6. Nxc6 bxc6 7. Bd3 O-O 8. O-O d5 9. exd5 Bg4 10. f3 Bh5 11. Bg5 cxd5 12. Ne2 Bd6 13. Nf4 Bxf4 14. Bxf4 c5 15. c3 Bg6 16. Bg5 Qb6 17. Bxf6 gxf6 18. Bxg6 hxg6 19. Qxd5 Qxb2 20. Qxc5 Rfc8 21. Qd4 Qxc3 22.
Rad1 Kg7 23. Qxc3 Rxc3 24. Rd4 Rb8 25. Rd2 Rb4 26. g3 f5 27. Kg2 g5 28. Rff2 Ra3 29. Rb2 Rba4 30. Rbc2 Kg6 31. Rc6+ f6 32. Rcc2 f4 33. g4 Ra6 34. h3 f5 35. Rb2 fxg4 36. hxg4 Kf6 37. Rfe2 Re6 38. Rxe6+ Kxe6 39. Rd2 Ke5 40. Kf2 a5 41. Kg2 Rc3 42. Kf2 a4 43.
Re2+ Kd5 44. Rd2+ Kc4 45. Re2 Kb4 46. Rd2 Ka3 47. Kg2 Rc1 48. Kh3 Rc5 49. Re2 Rd5 50. Re4 Rd3 51. Kg2 Rd2+ 52. Kh3 Rf2 53. Re5 Rxf3+ 54.
Kh2 Kxa2 55. Rxg5 a3 56. Ra5 Kb2 57. g5 a2 58. Rb5+ Rb3 0-1

[Event "*** Titled Tuesday Blitz"]
[Site "Chess.com"]
[Date "2019.07.02"]
[Round "2"]
[White "Qvalda"]
[Black "Rish_97"]
[Result "1-0"]
[WhiteElo "2513"]
[BlackElo "2481"]
[TimeControl "180+2"]
[EndTime "13:23:48 PDT"]
[Termination "Qvalda won by resignation"]

1. g3 g6 2. Bg2 Bg7 3. e4 c5 4. f4 Nc6 5. Nf3 d6 6. O-O Nf6 7. d3 Rb8 8. a4 a6 9. Nc3 Bg4 10. h3 Bxf3 11. Qxf3 Nd7 12. Kh1 Nd4 13. Qf2 b5 14.
axb5 axb5 15. f5 O-O 16. g4 e6 17. Nd1 c4 18. Be3 Nc6 19. g5 cxd3 20. cxd3 Nce5 21. f6 Bh8 22. d4 Nc4 23. Bc1 Ra8 24. Rxa8 Qxa8 25. Ne3 Rc8 26. Ng4 h5 27. gxh6 Kh7 28.
h4 Qa1 29. h5 gxh5 30. Nh2 Nxf6 31. Nf3 Nxe4 32. Ng5+ Nxg5 33. Bxg5 Qa8 34. Qxf7+ 1-0

[Event "*** Titled Tuesday Blitz"]
[Site "Chess.com"]
[Date "2019.07.02"]
[Round "2"]
[White "saraswathii"]
[Black "valeriocarnicelli"]
[Result "1-0"]
[WhiteElo "2331"]
[BlackElo "2494"]
[TimeControl "180+2"]
[EndTime "13:23:49 PDT"]
[Termination "saraswathii won by resignation"]

1. d4 Nf6 2. Bf4 g6 3. e3 Bg7 4. Nf3 d6 5. Be2 O-O 6. O-O Nbd7 7. c3 b6 8. h3 Bb7 9. Nbd2 Ne4 10. Nxe4 Bxe4 11.
Nd2 Bb7 12. Bf3 Qc8 13. a4 a6 14. a5 b5 15. c4 e5 16. dxe5 dxe5 17. Bg3 b4 18.
Qb3 Rb8 19. Rad1 Nc5 20. Qc2 b3 21. Qb1 f5 22. Bd5+ Bxd5 23. cxd5 Rb5 24. Nc4 e4 25. d6 Nd3 26. dxc7 Rc5 27. Nd6 Qxc7 28. Nxe4 Qxa5 29.
Nxc5 Nxc5 30. Rd5 Qb6 31. Bd6 Qc6 32. Bxf8 Qxd5 33. Bxc5 Qxc5 34. Qd3 Qb6 35. Ra1 Bxb2 36. Rxa6 Qb4 37. Qd7 Qb8 38. Ra7 Bd4 39. Qf7+ 1-0

[Event "*** Titled Tuesday Blitz"]
[Site "Chess.com"]
[Date "2019.07.02"]
[Round "2"]
[White "RichardLeyvaP"]
[Black "ChessQueen"]
[Result "0-1"]
[WhiteElo "2413"]
[BlackElo "2596"]
[TimeControl "180+2"]
[EndTime "13:23:51 PDT"]
[Termination "ChessQueen won by checkmate"]

1. e4 c5 2. Nf3 Nc6 3. d4 cxd4 4. Nxd4 Nf6 5. Nc3 d6 6. Bc4 e6 7. Bb3 a6 8. Be3 Na5 9. Qe2 Qc7 10. O-O-O b5 11.
f3 b4 12. Na4 Nxb3+ 13. axb3 Nd7 14. Kb1 Be7 15. h4 Nc5 16. Bg5 Bxg5 17. hxg5 Bd7 18.
Qd2 a5 19. Nxc5 dxc5 20. Ne2 a4 21. Nf4 axb3 22. cxb3 Ke7 23. Rc1 Rhd8 24. Rxh7 Qa5 25. Ng6+ fxg6 26. Rxg7+ Kf8 27. Rh7 Qa2+ 28. Kc2 Qxb3+ 29.
Kxb3 Ba4+ 30. Kc4 Rxd2 31. Rh8+ Ke7 32. Rxa8 Bc6 33. Ra7+ Kd6 34. b3 Rd4# 0-1

[Event "*** Titled Tuesday Blitz"]
[Site "Chess.com"]
[Date "2019.07.02"]
[Round "2"]
[White "Grootneus"]
[Black "KRASAVCHIK2002"]
[Result "1-0"]
[WhiteElo "2157"]
[BlackElo "2235"]
[TimeControl "180+2"]
[EndTime "13:23:52 PDT"]
[Termination "Grootneus won by resignation"]

1. e4 c5 2. c3 Nf6 3. e5 Nd5 4. Nf3 Nc6 5. d4 cxd4 6. cxd4 d6 7. Bc4 e6 8. O-O Nb6 9. Bd3 dxe5 10. dxe5 Nb4 11.
Be4 Qxd1 12. Rxd1 Be7 13. a3 N4d5 14. Bd2 O-O 15. Nc3 Nxc3 16. Bxc3 Rb8 17. Bd4 Rd8 18. Rac1 Bd7 19. h3 Ba4 20. Rd2 Rbc8 21. Rxc8 Rxc8 22. Bxb7 Rc7 23. Be4 Nc4 24. Re2 Rd7 25. Bc3 h6 26. Nd2 Bd1 27. Re1 Nxb2 28. Bxb2 Rxd2 29. Bc3 Rd7 30. f4 Bb3 31. Rb1 Bd5 32. Rb8+ Bf8 33. Bxd5 exd5 34. Bb4 d4 35. Rxf8+ Kh7 36. Rc8 Kg6 37.
Kf2 Kf5 38. Kf3 h5 39. g4+ hxg4+ 40. hxg4+ Ke6 41. Ke4 f6 42. f5+ 1-0

[Event "*** Titled Tuesday Blitz"]
[Site "Chess.com"]
[Date "2019.07.02"]
[Round "2"]
[White "Sadikhov_Ulvi"]
[Black "Cruel_Yaro"]
[Result "1-0"]
[WhiteElo "2701"]
[BlackElo "2747"]
[TimeControl "180+2"]
[EndTime "13:23:53 PDT"]
[Termination "Sadikhov_Ulvi won by resignation"]

1. e4 e5 2. Nf3 Nc6 3. Bb5 a6 4. Ba4 Nf6 5. Nc3 d6 6. Bxc6+ bxc6 7. d4 exd4 8. Nxd4 c5 9. Nc6 Qd7 10. Na5 Be7 11. Qf3 Rb8 12. O-O O-O 13. Rd1 Ng4 14. Nd5 Bd8 15. Qg3 c6 16. Nc4 cxd5 17. Rxd5 Rb4 18.
Nxd6 Rd4 19. Rxd4 cxd4 20. Nf5 h5 21. h3 g6 22. hxg4 gxf5 23. gxf5+ Kh8 24. Qf3 f6 25.
Qxh5+ Qh7 26. Bh6 Rg8 27. Rd1 Be7 28. Qh4 Rd8 29. Rd3 Bb7 30. Rh3 Kg8 31. Rg3+ Kh8 32.
Bg7+ 1-0

[Event "*** Titled Tuesday Blitz"]
[Site "Chess.com"]
[Date "2019.07.02"]
[Round "2"]
[White "TBergh98"]
[Black "Gogolev_Artemy"]
[Result "0-1"]
[WhiteElo "2282"]
[BlackElo "2438"]
[TimeControl "180+2"]
[EndTime "13:23:53 PDT"]
[Termination "Gogolev_Artemy won by resignation"]

1. d4 Nf6 2. Bg5 e6 3. e4 h6 4. Bxf6 Qxf6 5. Nf3 g6 6. Nbd2 d6 7. Bd3 Bg7 8. O-O O-O 9. c3 Qe7 10. Re1 b6 11. Nf1 Bb7 12. Rc1 Nd7 13. Bb1 e5 14.
Ne3 exd4 15. Nxd4 Nc5 16. f3 Rfe8 17. Qc2 Qg5 18. b4 Ne6 19. Nxe6 Rxe6 20. a4 Rae8 21.
Ba2 R6e7 22. Qf2 Kh7 23. Bd5 c6 24. Bb3 a5 25. h4 Qh5 26. g4 Qe5 27. Nc4 Qf4 28.
Nxb6 axb4 29. cxb4 d5 30. Bc2 dxe4 31. Bxe4 Rxe4 32.
fxe4 Qxg4+ 33. Kh1 c5 34. bxc5 Rxe4 35. c6 Rxe1+ 36.
Qxe1 Qh3+ 37. Kg1 Bd4+ 38. Qf2 Qg3+ 0-1

[Event "*** Titled Tuesday Blitz"]
[Site "Chess.com"]
[Date "2019.07.02"]
[Round "2"]
[White "CarrotsandPizza"]
[Black "Vadim_Biliy"]
[Result "1-0"]
[WhiteElo "2215"]
[BlackElo "2231"]
[TimeControl "180+2"]
[EndTime "13:23:53 PDT"]
[Termination "CarrotsandPizza won by resignation"]

1. e4 d6 2. d4 Nf6 3. Nc3 g6 4. f4 Bg7 5. Bc4 Nxe4 6. Bxf7+ Kxf7 7. Nxe4 h6 8. Nf3 Nd7 9. Be3 Nf8 10. Qd2 e6 11. O-O-O Bd7 12. Kb1 Bc6 13. Qd3 b5 14. h4 Qb8 15. h5 Qb7 16. hxg6+ Nxg6 17. Neg5+ hxg5 18. Nxg5+ Kf6 19. d5 Bxd5 20. Bd4+ e5 21. fxe5+ Nxe5 22. Bxe5+ dxe5 23. Rhf1+ Ke7 24. Qg6 Rhg8 25.
Rf7+ Kd8 26. Rxg7 Rxg7 27. Qxg7 Ke8 28. Qxe5+ Kf8 29. Rxd5 c6 30. Rd6 Rc8 31. Qf5+ Ke8 32. Qg6+ Ke7 33. Re6+ Kd7 34. Qf7+ 1-0

[Event "*** Titled Tuesday Blitz"]
[Site "Chess.com"]
[Date "2019.07.02"]
[Round "2"]
[White "Synctel"]
[Black "NM2019"]
[Result "0-1"]
[WhiteElo "1996"]
[BlackElo "2131"]
[TimeControl "180+2"]
[EndTime "13:23:53 PDT"]
[Termination "NM2019 won by resignation"]

1. e4 c5 2. Ne2 d6 3. g3 e5 4. Bg2 Nc6 5. c3 f5 6. d4 Nf6 7. dxc5 dxc5 8. Qxd8+ Kxd8 9. Bg5 Kc7 10. Nd2 Be6 11.
O-O Rd8 12. Rfd1 h6 13. Be3 g5 14. exf5 Bxf5 15. h3 Nd5 16. Nf1 Be6 17. a3 b6 18.
c4 Nde7 19. b3 Bg7 20. Rd2 Nd4 21. Bxd4 exd4 22. Rad1 a5 23. a4 h5 24. Nc1 Bf5 25.
Nd3 Bxd3 26. Rxd3 Ng6 27. Nd2 h4 28. Rf3 Rhf8 29. Ne4 hxg3 30. fxg3 Rxf3 31. Bxf3 Ne5 32. Bg2 g4 33. h4 Bh6 34. Nf6 Be3+ 35. Kh2 Nf3+ 36.
Bxf3 gxf3 37. Nd5+ Rxd5 38. cxd5 Kd6 39. g4 Bf4+ 40.
Kg1 Kxd5 41. Kf2 Ke4 42. Re1+ Be3+ 43. Kg3 f2 44. Rd1 d3 45. g5 d2 46. g6 Bd4 47. h5 Ke3 48. Kg2 Ke2 0-1

[Event "*** Titled Tuesday Blitz"]
[Site "Chess.com"]
[Date "2019.07.02"]
[Round "2"]
[White "Philosopherrr"]
[Black "WildTricks"]
[Result "0-1"]
[WhiteElo "2495"]
[BlackElo "2326"]
[TimeControl "180+2"]
[EndTime "13:23:57 PDT"]
[Termination "WildTricks won by checkmate"]

1. Nf3 Nf6 2. g3 g6 3. Bg2 Bg7 4. c3 O-O 5. d4 d6 6. Nbd2 Nc6 7. e4 e5 8. h3 Re8 9. dxe5 dxe5 10. Qe2 a5 11.
O-O b6 12. Rd1 Ba6 13. Qe1 Qe7 14. Nf1 Rad8 15. Bg5 h6 16. Bxf6 Qxf6 17. Ne3 Qe6 18. Nd5 Qc8 19. h4 Ne7 20. Nxe7+ Rxe7 21. Bf1 Bb7 22.
Bc4 Red7 23. Rxd7 Qxd7 24. Kg2 Qg4 25. Qe3 Bxe4 26. Be2 Bf8 27. Kh2 Bc5 28. Nxe5 Qf5 29. Qf4 Qxf4 30. gxf4 Rd2 31. Bc4 Rxf2+ 32. Kh3 Kg7 33.
Bxf7 Be3 34. Kg3 Rg2+ 35. Kh3 Bxf4 36. Bxg6 Rg3+ 37. Kh2 Rxg6+ 38. Kh3 Bg2# 0-1